Map: Odyssey LE

Players

soul

  • Race: Terran Terran
  • Spawn Location: 11:00

MaNa - Winner!

  • Race: Protoss Protoss
  • Spawn Location: 5:00

Event: WCS Montreal 2017

VOD

Have the link to the VOD?

Description

Time

  • Played on: Sept. 8, 2017, 4:02 p.m.
  • Length: 9:17

All games in this series

Show
View Real Time Build Order
Export as new Build Order

soul Terran 

Build Orders: Gas First Reaper Expand, Liberator Opening, Reaper Expand, MMM Bio 

Get SALT Encoding   

  12  0:00  SCV  
  13  0:12  SCV  
  14  0:16  Supply Depot  
  14  0:25  SCV  
  14  0:27  Refinery  
  15  0:38  SCV  
  16  0:45  Barracks  
  16  0:50  SCV  
  17  1:02  SCV  
  18  1:17  SCV  
  19  1:34  Orbital Command, Reaper  
  20  1:47  Command Center  
  20  1:59  Factory  
  20  2:03  SCV  
  20  2:08  Barracks Reactor  
  21  2:13  Supply Depot  
  21  2:18  SCV  
  22  2:30  SCV, Refinery  
  23  2:45  Starport  
  23  2:52  Hellion x2  
  23  2:55  SCV  
  28  3:00  Marine  
  28  3:05  SCV  
  30  3:06  Liberator  
  30  3:08  Bunker  
  30  3:18  Orbital Command  
  30  3:19  SCV  
  31  3:26  Marine  
  35  3:32  Widow Mine  
  36  3:36  SCV  
  36  3:37  Marine  
  36  3:39  Supply Depot  
  38  3:44  Marine, SCV  
  40  3:52  SCV  
  40  3:55  Marine  
  36  3:56  SCV  
  36  4:01  Widow Mine  
  36  4:02  Marine  
  37  4:05  SCV  
  37  4:08  SCV  
  35  4:13  Marine  
  33  4:17  SCV  
  33  4:20  SCV  
  33  4:23  Marine  
  35  4:29  SCV  
  33  4:33  SCV  
  33  4:34  Barracks  
  34  4:39  Widow Mine  
  34  4:41  SCV  
  34  4:45  SCV  
  38  4:48  Engineering Bay  
  38  4:53  SCV  
  38  4:55  Supply Depot  
  38  4:57  Marine x2, SCV  
  42  5:04  Barracks  
  42  5:05  SCV  
  43  5:09  SCV  
  44  5:15  Marine x2  
  44  5:17  SCV  
  43  5:21  SCV  
  43  5:22  Cyclone  
  43  5:26  Marine  
  44  5:29  SCV  
  44  5:32  Marine  
  44  5:33  Marine, SCV  
  45  5:41  SCV  
  43  5:43  Marine  
  43  5:45  SCV  
  42  5:50  Marine x2  
  42  5:53  SCV  
  43  5:58  SCV  
  45  6:06  SCV  
  45  6:08  Marine x2  
  45  6:11  Barracks Tech Lab x2  
  46  6:13  Factory Reactor  
  46  6:14  SCV  
  46  6:16  Starport  
  44  6:19  Bunker  
  44  6:20  SCV, Engineering Bay  
  44  6:26  Marine, SCV  
  44  6:27  Marine  
  44  6:31  Combat Shields, Stimpack  
  44  6:32  Marine x2  
  47  6:35  SCV  
  47  6:39  SCV  
  48  6:43  Refinery  
  48  6:44  Marine x2  
  51  6:47  SCV  
  51  6:50  Marine x2  
  53  6:55  SCV  
  53  6:57  Factory Reactor  
  53  6:59  SCV  
  55  7:01  Marine  
  55  7:02  Marine  
  55  7:07  SCV  
  55  7:08  Marine x2  
  53  7:10  Medivac  
  53  7:11  SCV  
  58  7:17  Refinery  
  58  7:18  Supply Depot  
  58  7:19  Marine, SCV  
  58  7:20  Marine  
  61  7:26  Marine  
  62  7:32  Supply Depot  
  62  7:38  Marine  
  62  7:39  SCV  
  62  7:46  Medivac, Marine x2, SCV, Marauder  
  69  7:51  SCV  
  70  7:59  Medivac, Widow Mine x2  
  70  8:00  Barracks x2, Marauder  
  70  8:04  Marine x2  
  78  8:05  Supply Depot  
  78  8:08  Supply Depot  
  78  8:24  SCV  
  78  8:25  Marine  
  78  8:37  Marine, Widow Mine  
  78  8:38  SCV, Marauder  
  86  8:48  Marine  
  86  8:50  Marine  
Show
View Real Time Build Order
Export as new Build Order

MaNa Protoss - Winner!

Build Orders: Oracle Opening, Phoenix Opening 

Get SALT Encoding   

  12  0:00  Probe (Chrono Boost)  
  13  0:11  Probe (Chrono Boost)  
  14  0:18  Pylon  
  14  0:21  Probe (Chrono Boost)  
  15  0:36  Probe (Chrono Boost)  
  15  0:37  Gateway  
  16  0:47  Probe (Chrono Boost), Assimilator  
  17  0:57  Probe (Chrono Boost)  
  18  1:08  Probe (Chrono Boost)  
  18  1:09  Assimilator  
  20  1:18  Probe (Chrono Boost)  
  20  1:25  Cybernetics Core  
  20  1:29  Probe (Chrono Boost)  
  21  1:39  Probe (Chrono Boost)  
  22  1:48  Pylon  
  22  1:50  Probe (Chrono Boost)  
  23  1:57  Nexus  
  23  2:07  Stargate, Probe (Chrono Boost)  
  24  2:14  Adept (Chrono Boost)  
  26  2:19  Probe  
  27  2:24  Pylon  
  27  2:31  Probe, Warp Gate  
  28  2:37  Adept (Chrono Boost)  
  28  2:43  Probe (Chrono Boost)  
  31  2:52  Oracle (Chrono Boost)  
  31  2:57  Pylon  
  31  2:58  Probe  
  35  3:06  Adept  
  35  3:10  Probe x2  
  38  3:21  Probe  
  38  3:22  Probe  
  43  3:32  Probe (Chrono Boost), Phoenix (Chrono Boost)  
  44  3:38  Mothership Core (Chrono Boost)  
  44  3:40  Pylon  
  45  3:48  Probe (Chrono Boost)  
  42  3:56  Probe (Chrono Boost)  
  42  3:59  Probe (Chrono Boost)  
  42  4:00  Phoenix  
  46  4:07  Probe (Chrono Boost)  
  46  4:09  Probe (Chrono Boost)  
  48  4:17  Probe (Chrono Boost)  
  48  4:20  Probe (Chrono Boost)  
  45  4:28  Probe (Chrono Boost)  
  45  4:30  Probe (Chrono Boost)  
  46  4:38  Probe (Chrono Boost)  
  46  4:41  Probe (Chrono Boost)  
  46  4:42  Gateway  
  46  4:43  Gateway  
  48  4:46  Phoenix  
  48  4:49  Probe (Chrono Boost)  
  52  4:54  Nexus  
  52  4:56  Probe (Chrono Boost)  
  52  5:01  Probe (Chrono Boost)  
  54  5:07  Probe (Chrono Boost)  
  54  5:10  Twilight Council  
  54  5:13  Forge  
  51  5:22  Probe (Chrono Boost)  
  51  5:26  Phoenix  
  54  5:33  Probe x2 (Chrono Boost)  
  56  5:44  Probe x2 (Chrono Boost)  
  58  5:51  Phoenix  
  58  5:54  Probe (Chrono Boost)  
  58  5:55  Probe (Chrono Boost)  
  58  6:03  Pylon x2  
  56  6:05  Probe x2 (Chrono Boost)  
  58  6:12  Resonating Glaives  
  58  6:13  Adept x3  
  58  6:15  Probe (Chrono Boost)  
  58  6:16  Probe x2 (Chrono Boost)  
  67  6:26  Probe x3 (Chrono Boost)  
  67  6:31  Assimilator x2  
  70  6:39  Pylon  
  70  6:40  Probe x3 (Chrono Boost)  
  70  6:41  Robotics Facility  
  73  6:47  Gateway  
  73  6:48  Gateway x2  
  73  6:49  Gateway  
  73  6:53  Probe (Chrono Boost)  
  73  6:54  Probe x2 (Chrono Boost)  
  76  6:57  Protoss Ground Weapons Level 1 (Chrono Boost)  
  76  7:03  Probe  
  76  7:05  Probe x2  
  73  7:08  Phoenix  
  73  7:10  Adept x2  
  73  7:13  Probe  
  80  7:17  Probe  
  80  7:18  Probe  
  82  7:27  Pylon  
  82  7:28  Warp Prism (Chrono Boost)  
  84  7:30  Adept x3  
  84  7:33  Phoenix  
  84  7:34  Pylon  
  84  7:35  Pylon  
  92  7:38  Assimilator  
  92  7:53  Adept x4  
  92  7:54  Nexus, Adept  
  92  7:57  Adept x2  
  106  8:00  Observer (Chrono Boost)  
  107  8:06  Probe x2  
  109  8:14  Gateway  
  109  8:15  Gateway x2  
  109  8:22  Phoenix  
  111  8:35  Adept x4  
  111  8:36  Adept x3  
  125  8:56  Pylon  
  125  8:57  Pylon  
  125  8:59  Pylon  
Tags
 
Add a new tag
Caveats
  • Supply blocks, unpowered buildings, or Contaminate may cause inaccurate times.
  • Supply counts are checked every 10 seconds.